General information
- name: BNet
- type: Ladder 1vs1/FFA
- host: Battle.net
- saver: hetchjay
map: MeltingValley
- players: 2
- length: 68:09
- speed: Fast
- version: 1.22 W3XP
- replay type: Public
» download(207 KB)
Players
team 1 (loser)
Heroiz (
teal | 52 APM | 3513 actions | 68:07)
9 Demon Hunter
2 Mana Burn
3 Evasion
3 Immolation
1 Metamorphosis
» actions
| Assign group hotkey | 37 | |
| Basic commands | 50 | |
| Build / train | 148 | |
| ESC pressed | 2 | |
| Enter build submenu | 41 | |
| Enter hero's abilities submenu | 10 | |
| Remove unit from queue | 4 | |
| Right click | 1688 | |
| Select / deselect | 923 | |
| Select group hotkey | 467 | |
| Use ability | 143 | |
3513 total
» units
| Wisp | 41 | |
| Archer | 15 | |
| Huntress | 6 | |
| Glaive Thrower | 8 | |
| Dryad | 22 | |
| Goblin Sapper | 4 | |
| Chimaera | 10 | |
| Druid of the Claw | 4 | |
| Hippogryph | 4 | |
| Druid of the Talon | 1 | |
| Faerie Dragon | 1 | |
116 total
» upgrades
| Strength of the Moon | 2 | |
| Improved Bows | 1 | |
| Ultravision | 1 | |
| Moon Armor | 1 | |
| Nature's Blessing | 1 | |
| Vorpal Blades | 1 | |
| Abolish Magic | 1 | |
| Druid of the Claw Training | 2 | |
| Strength of the Wild | 1 | |
| Corrosive Breath | 1 | |
| Marksmanship | 1 | |
| Sentinel | 1 | |
| Hippogryph Taming | 1 | |
15 total
» buildings
| Altar of Elders | 1 | |
| Ancient of War | 2 | |
| Moon Well | 8 | |
| Hunter's Hall | 1 | |
| Tree of Ages | 1 | |
| Ancient Protector | 11 | |
| Tree of Life | 5 | |
| Tree of Eternity | 1 | |
| Ancient of Wonders | 1 | |
| Ancient of Lore | 2 | |
| Ancient of Wind | 2 | |
| Chimaera Roost | 3 | |
38 total
» build order
00:10 Altar of Elders
00:13 Ancient of War
00:24 Moon Well
02:03 Moon Well
02:38 Ancient of War
02:50 Moon Well
04:11 Moon Well
05:02 Hunter's Hall
07:10 Tree of Ages
11:44 Ancient Protector
11:48 Ancient Protector
11:55 Ancient Protector
12:48 Moon Well
13:11 Ancient Protector
13:13 Ancient Protector
13:16 Ancient Protector
13:57 Tree of Life
15:26 Ancient Protector
15:28 Ancient Protector
15:30 Ancient Protector
16:30 Tree of Eternity
16:50 Ancient of Wonders
19:10 Moon Well
19:27 Ancient of Lore
21:04 Ancient of Lore
24:56 Ancient of Wind
26:07 Chimaera Roost
26:34 Chimaera Roost
28:12 Chimaera Roost
29:38 Moon Well
31:03 Moon Well
31:16 Tree of Life
38:00 Ancient Protector
38:09 Ancient Protector
41:54 Tree of Life
49:58 Tree of Life
50:03 Ancient of Wind
51:22 Tree of Life
» items
team 2 (winner)
hetchjay (
pink | 87 APM | 5902 actions | 68:09)
10 Goblin Alchemist
3 Healing Spray
3 Chemical Rage
1 Transmute
3 Acid Bomb
6 Archmage
3 Blizzard
3 Brilliance Aura
» actions
| Assign group hotkey | 31 | |
| Basic commands | 256 | |
| Build / train | 159 | |
| Enter build submenu | 71 | |
| Enter hero's abilities submenu | 18 | |
| Right click | 2575 | |
| Select / deselect | 1241 | |
| Select group hotkey | 1268 | |
| Use ability | 283 | |
5902 total
» units
| Peasant | 27 | |
| Footman | 13 | |
| Gryphon Rider | 6 | |
| Mortar Team | 5 | |
| Knight | 11 | |
| Dragonhawk Rider | 3 | |
| Sorceress | 3 | |
| Priest | 1 | |
69 total
» upgrades
| Masonry | 3 | |
| Defend | 1 | |
| Lumber Harvesting | 2 | |
| Swords | 2 | |
| Flare | 1 | |
| Plating | 2 | |
| Sorceress Training | 1 | |
| Magic Sentry | 1 | |
| Storm Hammers | 1 | |
| Backpack | 1 | |
| Animal War Training | 1 | |
| Priest Training | 1 | |
17 total
» buildings
| Altar of Kings | 1 | |
| Farm | 11 | |
| Barracks | 2 | |
| Lumber Mill | 5 | |
| Scout Tower | 68 | |
| Keep | 1 | |
| Guard Tower | 49 | |
| Arcane Vault | 1 | |
| Castle | 1 | |
| Gryphon Aviary | 2 | |
| Blacksmith | 1 | |
| Workshop | 1 | |
| Town Hall | 1 | |
| Arcane Sanctum | 1 | |
145 total
» build order
00:17 Altar of Kings
00:35 Farm
00:52 Barracks
01:19 Lumber Mill
01:41 Farm
02:25 Farm
04:38 Scout Tower
04:39 Scout Tower
04:40 Scout Tower
04:42 Keep
05:07 Guard Tower
05:10 Scout Tower
05:18 Arcane Vault
05:46 Scout Tower
05:48 Scout Tower
05:51 Scout Tower
05:52 Scout Tower
05:53 Scout Tower
06:12 Scout Tower
06:59 Guard Tower
07:00 Guard Tower
07:02 Guard Tower
07:49 Scout Tower
07:50 Scout Tower
09:06 Castle
09:08 Farm
09:59 Scout Tower
09:59 Scout Tower
10:00 Scout Tower
10:01 Scout Tower
10:31 Guard Tower
10:32 Guard Tower
10:37 Guard Tower
10:37 Guard Tower
10:41 Barracks
10:49 Scout Tower
11:39 Gryphon Aviary
11:53 Guard Tower
11:56 Scout Tower
12:03 Blacksmith
12:25 Farm
12:40 Guard Tower
12:45 Scout Tower
12:50 Scout Tower
12:54 Scout Tower
13:01 Scout Tower
13:13 Scout Tower
13:19 Gryphon Aviary
13:42 Scout Tower
13:46 Guard Tower
14:11 Guard Tower
14:11 Guard Tower
14:15 Scout Tower
15:06 Workshop
16:43 Farm
19:17 Farm
19:23 Lumber Mill
19:55 Scout Tower
19:56 Scout Tower
20:16 Scout Tower
20:17 Scout Tower
20:18 Scout Tower
21:58 Scout Tower
21:59 Scout Tower
21:59 Scout Tower
22:10 Farm
22:11 Farm
22:14 Scout Tower
22:15 Scout Tower
22:17 Scout Tower
22:17 Scout Tower
22:18 Scout Tower
22:21 Guard Tower
22:21 Guard Tower
22:21 Guard Tower
22:47 Guard Tower
22:53 Guard Tower
22:53 Guard Tower
22:53 Guard Tower
23:00 Scout Tower
23:01 Scout Tower
23:29 Guard Tower
24:17 Town Hall
24:28 Guard Tower
24:28 Guard Tower
24:52 Guard Tower
25:10 Scout Tower
26:45 Guard Tower
27:31 Lumber Mill
27:34 Scout Tower
28:47 Lumber Mill
29:23 Scout Tower
30:08 Guard Tower
30:09 Scout Tower
31:01 Guard Tower
31:03 Scout Tower
31:04 Scout Tower
31:14 Farm
31:15 Farm
31:31 Guard Tower
32:00 Guard Tower
32:02 Arcane Sanctum
34:54 Scout Tower
34:55 Scout Tower
34:56 Scout Tower
34:56 Scout Tower
34:57 Scout Tower
35:34 Guard Tower
35:35 Guard Tower
35:35 Guard Tower
37:43 Scout Tower
37:43 Scout Tower
37:44 Scout Tower
37:45 Scout Tower
37:46 Scout Tower
37:53 Lumber Mill
38:45 Guard Tower
38:45 Guard Tower
38:46 Guard Tower
45:58 Scout Tower
45:58 Scout Tower
46:39 Guard Tower
46:39 Guard Tower
48:23 Scout Tower
48:25 Scout Tower
48:34 Scout Tower
48:35 Scout Tower
48:36 Scout Tower
48:36 Scout Tower
48:55 Guard Tower
48:56 Guard Tower
49:19 Guard Tower
49:19 Guard Tower
49:20 Guard Tower
49:57 Guard Tower
57:32 Scout Tower
57:32 Scout Tower
57:33 Scout Tower
57:33 Scout Tower
60:34 Guard Tower
60:34 Guard Tower
60:34 Guard Tower
60:35 Guard Tower
» items
| Orb of Fire | 1 | |
| Scroll of Town Portal | 1 | |
| Staff of Teleportation | 1 | |
| Potion of Lesser Invulnerability | 1 | |
4 total
Chat log
(50:32 / All) Heroiz: money getting tight huh?
(50:47 / All) hetchjay: a bit
(50:48 / All) hetchjay: yeah
(57:31 / All) Heroiz: lol
(58:40 / All) hetchjay: phew
(63:04 / All) hetchjay: money getting a little tight?
(66:01 / All) hetchjay: by the way i have 3000 gold
(66:08 / All) Heroiz: lol so
(66:18 / All) hetchjay: oh i'm just saying i'm rich wassup
(66:27 / All) Heroiz: lol ur such a lier
(66:38 / All) Heroiz: u woulda buiilt mo knights or griffins
(66:48 / All) hetchjay: maybe i was just keeping some savings around
(66:53 / All) hetchjay: just in case
(66:54 / All) Heroiz: ur a liar lol
(66:57 / All) hetchjay: ok watch the replay
(67:00 / All) hetchjay: i have 283 gold
(67:01 / All) hetchjay: er
(67:02 / All) hetchjay: 2837 gold
(67:03 / All) Heroiz: uh huh
(67:04 / All) hetchjay: 7606 wood
(67:05 / All) Heroiz: lol
(67:18 / All) Heroiz: gg btw
(67:20 / All) hetchjay: gg
(67:30 / All) hetchjay: 2953 gold